 Dungeon Crawl Stone Soup version 0.28.0-47-ge53b351184 (webtiles) character file.

Game seed: 9296002874835969695

79 Holdthepickle the Cudgeller (level 4, 0/42 HPs)
             Began as a Troll Warper on May 6, 2022.
             Slain by an adder (2 damage)
             ... on level 3 of the Dungeon.
             The game lasted 00:16:52 (2120 turns).

Holdthepickle the Cudgeller (Troll Warper)          Turns: 2120, Time: 00:16:54

Health: 0/42       AC:  5    Str: 19      XL:     4   Next: 16%
Magic:  4/4        EV: 10    Int:  8 (9)  God:
Gold:   98         SH:  5    Dex: 10 (11) Spells: 4/5 levels left

rFire   . . .      SeeInvis .   a - +0 mace
rCold   . . .      Faith    .   (no shield)
rNeg    . . .      Spirit   .   b - +0 robe
rPois   .          Reflect  +   (helmet restricted)
rElec   .          Harm     .   f - +0 cloak
rCorr   .          Rampage  .   (gloves unavailable)
Will    .....                   (boots unavailable)
Stlth   +.........              i - amulet of reflection
HPRegen 0.94/turn               (no ring)
MPRegen 0.09/turn               (no ring)

@: lethally poisoned (0 -> 0)
A: large, unfitting armour, claws 3, regeneration 1, shaggy fur 1, tough skin 1
a: no special abilities


You were on level 3 of the Dungeon.
You visited 1 branch of the dungeon, and saw 3 of its levels.

You collected 98 gold pieces.

Inventory:

Hand Weapons
 a - a +0 mace (weapon)
 h - a +0 club
Missiles
 d - 3 boomerangs of dispersal (quivered)
 e - 29 stones
Armour
 b - a +0 robe (worn)
 f - a +0 cloak (worn)
 g - a +0 robe
 l - a +0 ring mail
Jewellery
 i - an amulet of reflection (around neck)
Scrolls
 c - a scroll of blinking
 j - 2 scrolls of identify {unknown}
 n - a scroll of silence {unknown}
 o - a scroll of amnesia {unknown}
 p - a scroll of brand weapon {unknown}
Potions
 k - a potion of might {unknown}
 m - a potion of lignification {unknown}


   Skills:
 + Level 1.9 Fighting
 + Level 2.8 Maces & Flails
 + Level 1.0 Throwing
 + Level 2.4 Dodging
 + Level 0.5 Shields
 + Level 1.2 Spellcasting
 + Level 2.5 Translocations


You had 4 spell levels left.
You knew the following spells:

 Your Spells              Type           Power      Damage    Failure   Level
a - Animate Skeleton      Necr           0%         N/A       36%         1

Your spell library contained the following spells:

 Spells                   Type           Power      Damage    Failure   Level
 Blink                    Tloc           8%         N/A       21%         2
 Pain                     Necr           0%         1d4       36%         1
 Gell's Gravitas          Tloc           4%         N/A       38%         3
 Lesser Beckoning         Tloc           4%         N/A       38%         3
 Teleport Other           Tloc           4%         N/A       38%         3
 Vampiric Draining        Necr           0%         2d6       75%         3
 Manifold Assault         Tloc           4%         N/A       98%         5
 Malign Gateway           Summ/Tloc      1%         N/A       100%        7
 Summon Horrible Things   Summ           0%         N/A       100%        8


Dungeon Overview and Level Annotations

Branches:
Dungeon (3/15)

Altars:


Innate Abilities, Weirdness & Mutations

You are too large for most types of armour.
You have claws for hands.
Your natural rate of healing is unusually fast.
You are covered in fur. (AC +1)
You have tough skin. (AC +1)


Message History

The adder closely misses you. The adder barely misses you.
You closely miss the adder. The adder bites you.
The orc hits you from afar with a +0 trident.
The adder bites you but does no damage. The adder bites you.
The orc closely misses you.
You hit the adder.
The adder is moderately wounded.
You block the adder's attack. The adder bites you. x2
The adder barely misses you.
The orc hits you from afar with a +0 trident.
* * * LOW HITPOINT WARNING * * *
You barely miss the adder.
The adder is moderately wounded.
The adder barely misses you. You block the adder's attack.
The orc barely misses you. The adder bites you. The adder barely misses you.
You closely miss the adder.
The adder is lightly wounded.
The orc barely misses you. You block the adder's attack. x2
You miss the adder.
The adder is lightly wounded.
The adder bites you but does no damage. The adder bites you.
* * * LOW HITPOINT WARNING * * *
You are poisoned.
The adder poisons you! The orc closely misses you.
You block the adder's attack. The adder barely misses you.
The orc hits you but does no damage.
You closely miss the adder.
The adder is lightly wounded.
You feel sick. The adder barely misses you. x2
The orc hits you from afar with a +0 trident.
* * * LOW HITPOINT WARNING * * *
You block the adder's attack. The adder bites you.
* * * LOW HITPOINT WARNING * * *
You hit the adder.
The adder is heavily wounded.
You feel sick. The adder bites you but does no damage.
The orc hits you from afar with a +0 trident.
* * * LOW HITPOINT WARNING * * *
The adder bites you.
You die...

#...# ........ #...#
#....(.. #...# #..(.$..
#...# #<...... #...#
#....... #...# #.......
#...# ####.......
#..@######..........
###########SSr..............
#...........oK........##....
#.....................# ...
#.....................# ..
#...).................# .
######<####...........#
#....................##
#.....................#


You could see 2 adders, an orc, a kobold and a rat.

Vanquished Creatures
  A howler monkey zombie (D:3)
  2 adders
  A dart slug (D:2)
  7 ball pythons
  7 endoplasms
  3 giant cockroaches
  4 hobgoblins
  3 quokkas
  5 bats
  2 frilled lizards (D:2)
  4 goblins
  4 kobolds
  3 rats
46 creatures vanquished.

Vanquished Creatures (collateral kills)
  A ball python (D:2)
1 creature vanquished.

Grand Total: 47 creatures vanquished

Notes
Turn   | Place    | Note
-------+----------+-------------------------------------------
     0 | D:1      | Holdthepickle the Troll Warper began the quest for the Orb.
     0 | D:1      | Reached XP level 1. HP: 19/19 MP: 1/1
   360 | D:1      | Reached XP level 2. HP: 27/27 MP: 2/2
  1148 | D:2      | Reached XP level 3. HP: 35/35 MP: 3/3
  1710 | D:2      | Found a faded altar of an unknown god.
  1858 | D:2      | Learned a level 1 spell: Animate Skeleton
  2017 | D:3      | Reached skill level 1 in Throwing
  2045 | D:3      | Reached XP level 4. HP: 40/42 MP: 4/4
  2120 | D:3      | HP: 2/42 [orc/+0 trident (3)]
  2120 | D:3      | Slain by an adder

Illustrated notes

Levels and vault maps discovered:
D:1:      evilmike_arrival_rings, layout_basic
D:2:      layout_basic, nicolae_ecumenical_oubliette, kennysheep_generic_room_14
D:3:      layout_basic, pf_just_have_faith, serial_shops, shop,
          minmay_statues_item

Skill      XL: |  1  2  3 |
---------------+----------+-----
Dodging        | 2 |  2.4
Maces & Flails | 2 |  2.8
Throwing       | 1 |  1.0
Fighting       | |  1.9
Shields        | |  0.5
Spellcasting   | |  1.2
Translocations | |  2.5

Action                   |  1- 3 |  4- 6 || total
-------------------------+-------+-------++-------
Melee: Mace              |   182 |    14 ||   196
Throw: Boomerang         |     2 |       ||     2
 Cast: Animate Skeleton  |     3 |       ||     3
  Use: Scroll            |     2 |       ||     2
       Potion            |     2 |       ||     2
Armor: Robe              |   101 |    11 ||   112
Dodge: Dodged            |   125 |    23 ||   148
Block: Other             |    43 |     9 ||    52
